 Dungeon Crawl Stone Soup version 0.25.0-11-g1f837a7 (webtiles) character file.

Game seed: 3779981868661808856

15231 HilariousDeathArtist the Nimble (level 12, -13/76 HPs)
             Began as a Tengu Assassin on June 25, 2020.
             Was a High Priest of Cheibriados.
             Killed from afar by a frost giant (39 damage)
             ... with a bolt of cold
             ... in an ice cave.
             The game lasted 00:26:21 (12547 turns).

HilariousDeathArtist the Nimble (Tengu Assassin)   Turns: 12547, Time: 00:26:21

Health: -13/76     AC: 10    Str: 28    XL:     12   Next: 24%
Magic:  17/20      EV: 31    Int: 26    God:    Cheibriados [*****.]
Gold:   762        SH:  5    Dex: 27    Spells: 11/11 levels left

rFire    + . .     SeeInvis .   a - +5 dagger (venom)
rCold    . . .     Gourm    .   (no shield)
rNeg     . . .     Faith    .   v - +0 acid dragon scales
rPois    .         Spirit   .   u - +2 hat
rElec    .         Reflect  +   c - +1 cloak
rCorr    +         Harm     .   (no gloves)
MR       .....                  (boots unavailable)
Stlth    +++.......             w - amulet "Ympeluyst" {Reflect Str+4 SH+5}
HPRegen  0.22/turn              p - +4 ring of evasion
MPRegen  0.17/turn              F - ring of protection from fire {rF+, !d}

@: flying quickly and evasively, very slow
A: beak, talons 3, able to fly
a: Stop Flying, Bend Time, Temporal Distortion, Slouch, Step From Time, Renounce
Religion


You were in an ice cave.
You worshipped Cheibriados.
Cheibriados was extremely pleased with you.
You were hungry.

You visited 1 branch of the dungeon, and saw 11 of its levels.
You also visited: Ice Cave.

You collected 762 gold pieces.

Inventory:

Hand Weapons
 a - a +5 dagger of venom (weapon)
   (You took it off Jessica on level 2 of the Dungeon)
 b - a +0 scimitar of electrocution
   (You took it off Maggie on level 7 of the Dungeon)
 n - a +2 short sword of draining
   (You took it off an orc on level 6 of the Dungeon)
 t - a +3 falchion of electrocution
   (You took it off an orc on level 6 of the Dungeon)
 N - a +0 broad axe
   (You found it in an ice cave)
Missiles
 d - 28 poisoned darts
 G - 4 throwing nets {=f, !d}
Armour
 c - a +1 cloak (worn)
 e - the +1 leather armour of Dyenk {Str+2 Dex+5}
   (You found it on level 5 of the Dungeon)

   It affects your strength (+2).
   It affects your dexterity (+5).
 r - a +3 plate armour
   (You took it off an orc warrior on level 6 of the Dungeon)
 u - a +2 hat (worn)
   (You found it on level 7 of the Dungeon)
 v - +0 acid dragon scales (worn)
   (You took it off Maggie on level 7 of the Dungeon)
Magical Staves
 j - an uncursed staff of cold {rC+}
   (You found it on level 5 of the Dungeon)
Jewellery
 p - a +4 ring of evasion (left hand)
   (You took it off an orc on level 6 of the Dungeon)
 w - the amulet "Ympeluyst" (around neck) {Reflect Str+4 SH+5}
   (You found it on level 7 of the Dungeon)

   [amulet of reflection]

   It shields you and reflects attacks.
   It affects your strength (+4).
   It affects your SH (+5).
 z - an uncursed ring of resist corrosion
   (You found it on level 9 of the Dungeon)
 F - a ring of protection from fire (right hand) {rF+, !d}
   (You found it on level 9 of the Dungeon)
Wands
 h - a wand of polymorph (4)
   (You took it off Blork the orc on level 6 of the Dungeon)
 l - a wand of paralysis (6)
   (You took it off a gnoll on level 5 of the Dungeon)
 m - a wand of iceblast (17)
   (You found it on level 6 of the Dungeon)
 y - a wand of flame (57)
   (You took it off a kobold on level 7 of the Dungeon)
 P - a wand of digging (6)
   (You found it in an ice cave)
Scrolls
 g - 10 scrolls of identify
 k - a scroll of immolation {!r}
 q - a scroll of enchant weapon
 B - 2 scrolls of fog
 C - a scroll of torment {!r}
 D - a scroll of enchant armour
 E - 2 scrolls of magic mapping {!r}
 H - a scroll of teleportation
 I - 2 scrolls of amnesia
 M - 2 scrolls of remove curse
Potions
 i - a potion of magic
 o - 2 potions of mutation {!q}
 s - 7 potions of curing
 x - a potion of ambrosia
 A - a potion of cancellation
 K - a potion of heal wounds
 L - a potion of berserk rage {!q}
Comestibles
 f - 24 rations


   Skills:
 + Level 9.4 Fighting
 + Level 9.0 Short Blades
 - Level 2.0 Throwing
 + Level 10.2 Dodging
 - Level 4.0 Stealth
 * Level 9.3 Invocations
 + Level 7.0 Evocations


You had 11 spell levels left.
You didn't know any spells.
Your spell library contained the following spells:

 Spells                   Type           Power        Failure   Level  Hunger
 Confusing Touch          Hex            #.......     43%         3    ####...
 Gell's Gravitas          Tloc           #.........   43%         3    ####...
 Petrify                  Tmut/Erth      #.......     83%         4    #####..
 Metabolic Englaciation   Hex/Ice        #.........   99%         5    ######.
 Yara's Violent Unravell  Hex/Tmut       #.........   99%         5    ######.


Dungeon Overview and Level Annotations

Branches:
Dungeon (11/15)            Temple (0/1) D:7            Lair (0/6) D:10
  IceCv (1/1)
    Orc: D:9-12

Altars:
Cheibriados
Fedhas
Gozag
Hepliaklqana
Nemelex Xobeh
Okawaru
Sif Muna
Vehumet
Wu Jian
The Shining One

Shops:
D:10 (

Annotations:
D:6 rC=gold IceCv exclusions: yak and 51 more exclusions


Innate Abilities, Weirdness & Mutations

You have a beak for a mouth.
You have claws for feet.
You can fly continuously.


Message History

You peck the death yak, but do no damage.
The death yak completely misses you.
You hit the death yak but do no damage.
The death yak looks as sick as possible!
You claw the death yak!
You peck the death yak, but do no damage.
You barely miss the death yak. You claw the death yak. The death yak gores you!
You take 17 damage, and have 59/76 hp.
MASSIVE DAMAGE!!
The death yak misses you. The death yak completely misses you.
You hit the death yak but do no damage.
The death yak looks as sick as possible!
You claw the death yak. You peck the death yak.
You kill the death yak!
Cheibriados thoroughly appreciates the change of pace.
Your Short Blades skill increases to level 9!
Your Evocations skill increases to level 7!
You start resting.
Health restored: 76; MP restored: 20 You may need something to eat soon, looking for food.
Can't find anything matching that.
Okay, then.
The frost giant is too close now for your liking.
Aim: a frost giant, wielding a +0 battleaxe of freezing and wearing an uncursed ring of protection from cold (wandering, hasn't noticed you, chance to defeat MR: 18%)
Okay, then.
Unknown command.
Okay, then.
Okay, then.
Unknown command.
Okay, then.
Unknown command.
Unknown command.
Okay, then.
That's the wrong kind of item! (Use * to select it.)
Okay, then.
Unknown command.
Firing (i - inventory) No suitable missiles.
Aim: a frost giant, wielding a +0 battleaxe of freezing and wearing an uncursed ring of protection from cold (wandering, hasn't noticed you, chance to blind on hit: 0%)
You throw an atropa-tipped dart.
The atropa-tipped dart hits the frost giant.
The frost giant resists.
The frost giant shouts!
Firing (i - inventory) No suitable missiles.
Aim: a frost giant, wielding a +0 battleaxe of freezing and wearing an uncursed ring of protection from cold (chance to blind on hit: 0%)
You throw an atropa-tipped dart.
The atropa-tipped dart hits the frost giant.
The frost giant resists.
Okay, then.
Okay, then.
Aim: a frost giant, wielding a +0 battleaxe of freezing and wearing an uncursed ring of protection from cold The mass of ice explodes!
The iceblast engulfs the frost giant.
The frost giant partially resists.
Aim: a frost giant, wielding a +0 battleaxe of freezing and wearing an uncursed ring of protection from cold (lightly wounded)
The puff of flame hits the frost giant.
The frost giant hits you with a +0 battleaxe of freezing!
The frost giant freezes you.
You take 8 damage, and have 68/76 hp.
You hit the frost giant but do no damage.
The frost giant is poisoned.
Your kick misses the frost giant.
You peck the frost giant, but do no damage.
You hit the frost giant.
The frost giant looks as sick as possible!
You claw the frost giant. You hit the frost giant.
The frost giant looks as sick as possible!
You claw the frost giant.
You peck the frost giant, but do no damage.
The frost giant gestures at you while chanting.
The bolt of cold misses you.
You hit the frost giant.
The frost giant looks as sick as possible!
You claw the frost giant.
You peck the frost giant, but do no damage.
You hit the frost giant but do no damage.
The frost giant looks as sick as possible!
You claw the frost giant. The frost giant completely misses you.
You completely miss the frost giant. You claw the frost giant.
You hit the frost giant but do no damage.
The frost giant looks as sick as possible!
You claw the frost giant!
You peck the frost giant, but do no damage.
The frost giant gestures at you while chanting.
The bolt of cold hits you!!!
Ouch! That really hurt!
You take 43 damage, and have 25/76 hp.
MASSIVE DAMAGE!!
Okay, then.
The flow of time bends around you.
Cheibriados rebukes the frost giant.
The frost giant seems to slow down.
You feel slightly more hungry.
You now have 17/20 mp.
You hit the frost giant but do no damage.
The frost giant looks as sick as possible!
You claw the frost giant, but do no damage.
You peck the frost giant.
The frost giant gestures at you while chanting.
The bolt of cold hits you!!!
Ouch! That really hurt!
You die...

#.....} ##≈≈≈≈≈≈≈≈≈≈ ####.....
##≈≈≈≈≈≈≈≈≈ .##......Y
###≈≈≈≈≈≈≈≈ #........
###≈≈≈≈≈≈≈### #.....(#
#≈≈≈≈≈≈≈≈#### #....(##
#≈≈≈≈≈≈#####. ###....##
#≈≈≈≈≈≈###... ###..C##
#≈≈≈≈≈##...##
###@.####≈≈≈≈###..#
##..##≈≈≈####.###
####.###≈≈≈##..##### ###
###....#≈≈≈≈≈≈##...##.
###.#####..####≈≈≈≈≈≈≈≈#..###.
###..#.##..####≈≈≈≈≈≈≈≈≈≈###..##
#..####..####.#.##≈≈≈≈≈≈≈# ###..
###..# #######..##≈≈≈≈≈≈≈## ###
#...## ###....###≈≈≈#≈≈≈## ###≈


You could see a frost giant (extremely poisoned, slow).

Vanquished Creatures
  Harold (D:10)
  A death yak (IceCv)
  Pikel (D:6)
  Joseph (D:7)
  An ice statue (IceCv)
  Maggie (D:7)
  A rime drake (IceCv)
  A troll (D:8)
  Prince Ribbit (D:6)
  A hornet (D:10)
  15 polar bears (IceCv)
  A hippogriff (D:8)
  20 yaks
  A wyvern (D:9)
  3 wargs (D:10)
  7 orc warriors
  An ice beast (D:11)
  3 slaves (D:7)
  2 sky beasts
  2 black bears
  2 phantoms
  2 ogres
  12 wolves (IceCv)
  3 centaurs
  2 big kobolds
  5 bullfrogs
  Blork the orc (D:6)
  A water moccasin zombie (D:8)
  5 scorpions
  4 killer bees (D:10)
  2 howler monkeys (D:8)
  2 crimson imps
  2 jellies (D:8)
  2 hounds
  A bullfrog skeleton (D:6)
  13 orc priests
  11 orc wizards
  Jessica (D:2)
  4 iguanas
  8 worker ants
  4 gnolls (D:5)
  15 adders
  An ooze (D:1)
  2 dart slugs
  3 leopard geckos
  40 orcs
  8 bats
  8 giant cockroaches
  8 hobgoblins
  13 jackals
  12 kobolds
  A quokka (D:7)
  4 frilled lizards
  2 goblins (D:2)
  A jackal skeleton (D:4)
  2 leopard gecko skeletons
  12 rats
284 creatures vanquished.

Vanquished Creatures (others)
  A polar bear (IceCv)
  2 yaks (IceCv)
  6 wolves (IceCv)
9 creatures vanquished.

Grand Total: 293 creatures vanquished

Notes
Turn   | Place    | Note
-------+----------+-------------------------------------------
     0 | D:1      | HilariousDeathArtist the Tengu Assassin began the quest for
                  | the Orb.
     0 | D:1      | Reached XP level 1. HP: 12/12 MP: 2/2
    73 | D:1      | You fall into a shaft and drop 1 floor!
   191 | D:1      | Reached XP level 2. HP: 18/18 MP: 3/3
   303 | D:1      | Reached skill level 2 in Dodging
   341 | D:1      | HP: 2/18 [hobgoblin/+0 mace (5)]
   793 | D:1      | Reached XP level 3. HP: 22/22 MP: 4/4
  1240 | D:2      | Reached skill level 3 in Fighting
  1248 | D:2      | Noticed Jessica
  1466 | D:2      | Killed Jessica
  1466 | D:2      | Reached skill level 3 in Dodging
  1466 | D:2      | Reached XP level 4. HP: 26/28 MP: 5/5
  2314 | D:3      | Gained mutation: You can fly continuously. [Tengu growth]
  2314 | D:3      | Reached XP level 5. HP: 33/33 MP: 6/6
  2825 | D:3      | Found a snail-covered altar of Cheibriados.
  2825 | D:3      | Found a glowing golden altar of the Shining One.
  2825 | D:3      | Found a shimmering blue altar of Sif Muna.
  2836 | D:3      | Found a faded altar of an unknown god.
  2854 | D:3      | Became a worshipper of Cheibriados the Contemplative
  3154 | D:4      | Reached skill level 4 in Fighting
  3154 | D:4      | Reached skill level 4 in Dodging
  3277 | D:4      | Reached XP level 6. HP: 38/38 MP: 7/7
  3372 | D:4      | Reached skill level 3 in Short Blades
  3461 | D:4      | Reached * piety under Cheibriados
  3501 | D:4      | Reached skill level 5 in Dodging
  3507 | D:4      | Reached skill level 5 in Fighting
  3507 | D:4      | Reached XP level 7. HP: 24/44 MP: 8/8
  4038 | D:4      | Found a sparkling altar of Nemelex Xobeh.
  4176 | D:5      | Entered Level 5 of the Dungeon
  4209 | D:5      | Got a spiked leather armour
  4231 | D:5      | Identified the +1 leather armour of Dyenk {Str+2 Dex+5}
                  | (You found it on level 5 of the Dungeon)
  4254 | D:5      | HP: 9/44 [centaur/arrow (11)]
  4257 | D:5      | Reached skill level 4 in Short Blades
  4557 | D:5      | Reached skill level 6 in Dodging
  4816 | D:5      | HP: 9/45 [centaur (5)]
  4817 | D:5      | Reached skill level 6 in Fighting
  4817 | D:5      | Reached XP level 8. HP: 10/51 MP: 9/9
  5512 | D:6      | Noticed Blork the orc
  5613 | D:6      | Noticed Prince Ribbit
  5621 | D:5      | Reached skill level 1 in Invocations
  5717 | D:6      | Killed Blork the orc
  5717 | D:6      | Reached skill level 1 in Evocations
  5827 | D:6      | Killed Prince Ribbit
  5827 | D:6      | Reached skill level 2 in Invocations
  6012 | D:6      | Reached skill level 5 in Short Blades
  6161 | D:6      | Reached ** piety under Cheibriados
  6161 | D:6      | Reached skill level 7 in Dodging
  6161 | D:6      | Reached skill level 3 in Invocations
  6161 | D:6      | Reached skill level 2 in Evocations
  6253 | D:6      | HP: 7/52 [orc warrior/+0 long sword (16)]
  6256 | D:6      | Reached XP level 9. HP: 7/56 MP: 12/12
  6959 | D:7      | Noticed Maggie
  6973 | D:7      | Killed Maggie
  6973 | D:7      | Reached skill level 7 in Fighting
  6973 | D:7      | Reached skill level 4 in Invocations
  6973 | D:7      | Reached skill level 3 in Evocations
  7166 | D:7      | Noticed Joseph
  7173 | D:7      | Killed Joseph
  7225 | D:7      | Got a flickering crystal amulet
  7241 | D:7      | Identified the amulet "Ympeluyst" {Reflect Str+4 SH+5} (You
                  | found it on level 7 of the Dungeon)
  7324 | D:7      | Found a radiant altar of Vehumet.
  7368 | D:7      | Reached skill level 6 in Short Blades
  7430 | D:7      | Reached skill level 5 in Invocations
  7480 | D:7      | Found a staircase to the Ecumenical Temple.
  7509 | D:7      | Found an opulent altar of Gozag.
  7535 | D:7      | Noticed Pikel
  7638 | D:6      | Killed Pikel
  7638 | D:6      | Reached skill level 8 in Dodging
  7638 | D:6      | Reached skill level 4 in Evocations
  7638 | D:6      | Reached XP level 10. HP: 61/63 MP: 13/15
  8207 | D:8      | Found a hazy altar of Hepliaklqana.
  8230 | D:8      | Reached skill level 6 in Invocations
  8735 | D:8      | Reached *** piety under Cheibriados
  8869 | D:9      | Found an iron altar of Okawaru.
  8901 | D:9      | Found a blossoming altar of Fedhas.
  9191 | D:9      | Reached skill level 8 in Fighting
  9191 | D:9      | Reached skill level 7 in Short Blades
  9248 | D:9      | Found an ornate altar of the Wu Jian Council.
  9411 | D:10     | Entered Level 10 of the Dungeon
  9535 | D:10     | Found Lusmethiwni's Weapon Boutique.
  9567 | D:10     | Reached **** piety under Cheibriados
  9751 | D:10     | Reached skill level 5 in Evocations
  9902 | D:10     | Noticed Harold
  9912 | D:10     | Killed Harold
  9912 | D:10     | Reached skill level 9 in Dodging
  9912 | D:10     | Reached skill level 7 in Invocations
 10066 | D:10     | Reached XP level 11. HP: 69/69 MP: 17/17
 10068 | D:10     | Found a staircase to the Lair.
 10415 | D:11     | Found a frozen archway.
 10446 | IceCv    | Entered an ice cave
 10486 | IceCv    | HP: 14/69 [something (32)]
 10800 | IceCv    | Reached skill level 8 in Short Blades
 11099 | IceCv    | Reached skill level 8 in Invocations
 11496 | IceCv    | Reached skill level 6 in Evocations
 11654 | IceCv    | Reached skill level 9 in Fighting
 12036 | IceCv    | Reached XP level 12. HP: 67/76 MP: 19/19
 12084 | IceCv    | Reached skill level 10 in Dodging
 12095 | IceCv    | Reached skill level 9 in Invocations
 12174 | IceCv    | Reached ***** piety under Cheibriados
 12361 | IceCv    | Noticed a death yak
 12362 | IceCv    | Noticed a frost giant
 12458 | IceCv    | Killed a death yak
 12458 | IceCv    | Reached skill level 9 in Short Blades
 12458 | IceCv    | Reached skill level 7 in Evocations
 12547 | IceCv    | Killed from afar by a frost giant

Illustrated notes

Levels and vault maps discovered:
D:1:      eino_arrival_water_cross, layout_basic, serial_bayou,
          serial_bayou_ford_a, serial_bayou_pond_e, serial_bayou_pond_d,
          serial_bayou_pond_d
D:2:      layout_basic, first_ration, amethyst_killhole, minivault_26,
          uniq_jessica
D:3:      layout_basic, chequers_temple_overflow_statue_of_worship,
          chequers_ecumenical_altar_simple, minmay_misc_feat_square
D:4:      layout_rooms, nicolae_overflow_crystal_walls, guppyfry_early_orc_mine
D:5:      layout_basic
D:6:      lemuel_ice_spiral_2, layout_rooms, kennysheep_generic_room_3,
          uniq_prince_ribbit1, uniq_blork_the_orc
D:7:      layout_loops_ring, grunt_gozag_statues, vehumet_altar_wand_db,
          minmay_temple_entry_wispy, uniq_joseph, uniq_maggie, uniq_pikel
D:8:      layout_basic, lemuel_doored_altar
D:9:      layout_rooms, overflow_temple_1_default, old_standard_altar,
          basic_altar, blue_anna_alchemist [blue_anna_fruit_fields,
          blue_anna_fruit_fields]
D:10:     layout_layer_cave, erik_lair_orcish_takeover, serial_shops,
          shop_statue, uniq_harold
D:11:     layout_rooms, orc_0_dummy, portal_ice_cave_entry_pillars_1
IceCv:    ice_cave_caverns_02

Skill      XL: |  1  2  3  4  5  6  7  8  9 10 11 12 |
---------------+-------------------------------------+-----
Dodging        | 2 3 4 5 6 7 8 9 10 | 10.2
Fighting       | 3 4 5 6 7 8 9 |  9.4
Short Blades   | 3 4 5 6 7 8 9 |  9.0
Invocations    | 3 5 7 8 9 |  9.3
Evocations     | 2 4 5 6 7 |  7.0
Throwing       | |  2.0
Stealth        | |  4.0

Action                   |  1- 3 |  4- 6 |  7- 9 | 10-12 || total
-------------------------+-------+-------+-------+-------++-------
Melee: Dagger            |    61 |   123 |   220 |   527 ||   931
       Kick              |    13 |    32 |   100 |   337 ||   482
       Peck              |     6 |    22 |    45 |   217 ||   290
       Falchion          |       |       |     3 |       ||     3
       Scimitar          |       |       |       |    27 ||    27
Throw: Dart              |     8 |       |    25 |     2 ||    35
Invok: Bend Time         |       |       |     3 |     1 ||     4
       Temporal Distorti |       |       |       |     4 ||     4
 Abil: Fly               |       |     2 |       |       ||     2
       Stop Flying       |       |     1 |       |       ||     1
Evoke: Wand              |       |       |     5 |     3 ||     8
  Use: Scroll            |       |     7 |     9 |     4 ||    20
       Potion            |       |     3 |     4 |     1 ||     8
 Stab: Sleeping          |     5 |     5 |     1 |     6 ||    17
       Paralysed         |       |       |     1 |     1 ||     2
       Distracted        |       |       |       |     2 ||     2
  Eat: Chunk             |     2 |     6 |     6 |     8 ||    22
Armor: Robe              |    17 |    10 |       |       ||    27
       Chain mail        |       |    36 |    45 |       ||    81
       Acid dragon scale |       |       |     8 |    50 ||    58
       Plate armour      |       |       |     8 |       ||     8
       Leather armour    |       |       |     1 |       ||     1
Dodge: Dodged            |    39 |    72 |   106 |   454 ||   671
Block: Other             |       |       |     2 |   101 ||   103
       Rpst.: Falchion   |       |       |     1 |       ||     1
       Scimitar          |       |       |       |     8 ||     8

Levels and vault maps discovered:
D:1:      eino_arrival_water_cross, layout_basic, serial_bayou,
          serial_bayou_ford_a, serial_bayou_pond_e, serial_bayou_pond_d,
          serial_bayou_pond_d
D:2:      layout_basic, first_ration, amethyst_killhole, minivault_26,
          uniq_jessica
D:3:      layout_basic, chequers_temple_overflow_statue_of_worship,
          chequers_ecumenical_altar_simple, minmay_misc_feat_square
D:4:      layout_rooms, nicolae_overflow_crystal_walls, guppyfry_early_orc_mine
D:5:      layout_basic
D:6:      lemuel_ice_spiral_2, layout_rooms, kennysheep_generic_room_3,
          uniq_prince_ribbit1, uniq_blork_the_orc
D:7:      layout_loops_ring, grunt_gozag_statues, vehumet_altar_wand_db,
          minmay_temple_entry_wispy, uniq_joseph, uniq_maggie, uniq_pikel
D:8:      layout_basic, lemuel_doored_altar
D:9:      layout_rooms, overflow_temple_1_default, old_standard_altar,
          basic_altar, blue_anna_alchemist [blue_anna_fruit_fields,
          blue_anna_fruit_fields]
D:10:     layout_layer_cave, erik_lair_orcish_takeover, serial_shops,
          shop_statue, uniq_harold
D:11:     layout_rooms, orc_0_dummy, portal_ice_cave_entry_pillars_1
IceCv:    ice_cave_caverns_02

Table legend:
 A = Turns spent in this place as a percentage of turns spent in the entire game.
 B = Non-inter-level travel turns spent in this place as a percentage of non-inter-level travel turns spent in the entire game.
 C = Inter-level travel turns spent in this place as a percentage of turns spent in this place.
 D = Turns resting spent in this place as a percentage of non-inter-level travel turns spent in this place.
 E = Turns spent auto-exploring this place as a percentage of non-inter-level travel turns spent in this place.
 F = Non-inter-level travel turns spent in this place divided by the number of levels of this place that you've seen.
                   A       B       C       D       E      F
               +-------+-------+-------+-------+-------+----------------------
         Total | 100.0 | 100.0 |   3.5 |  30.2 |  49.5 | 1009.0
       Dungeon |  83.3 |  82.6 |   4.2 |  23.9 |  57.4 | 909.7
      Ice Cave |  16.7 |  17.4 |   0.0 |  60.2 |  12.1 | 2101.0
               +-------+-------+-------+-------+-------+----------------------

Table legend:
 A = Kills in this place as a percentage of kills in entire the game.
 B = Kills by you in this place as a percentage of kills by you in the entire game.
 C = Kills by friends in this place as a percentage of kills by friends in the entire game.
 D = Other kills in this place as a percentage of other kills in the entire game.
 E = Experience gained in this place as a percentage of experience gained in the entire game.
 F = Experience gained in this place divided by the number of levels of this place that you have seen.
                   A       B       C       D       E      F
               +-------+-------+-------+-------+-------+----------------------
         Total | 100.0 | 100.0 |   N/A |   N/A | 100.0 | 1813.2
       Dungeon |  84.3 |  84.3 |   N/A |   N/A |  53.9 | 1066.0
      Ice Cave |  15.7 |  15.7 |   N/A |   N/A |  46.1 | 10033.0
               +-------+-------+-------+-------+-------+----------------------
